 Dungeon Crawl Stone Soup version 0.20.1-1-g8b1a95d (webtiles) character file.

4 Charly the Ducker (level 1, -3/11 HPs)
             Began as a Spriggan Abyssal Knight on July 21, 2017.
             Was a Follower of Lugonu.
             Slain by a sky beast (6 damage)
             ... on level 6 of the Dungeon.
             The game lasted 00:03:26 (303 turns).

Charly the Ducker (Spriggan Abyssal Knight)          Turns: 303, Time: 00:03:27

Health: -3/11      AC:  2    Str:  8    XL:     1   Next: 58%
Magic:  3/3        EV: 18    Int: 13    God:    Lugonu [*.....]
Gold:   23         SH:  0    Dex: 15    Spells: 0/0 levels left

rFire    . . .     SeeInvis +   a - +1 short sword
rCold    . . .     Gourm    .   (shield restricted)
rNeg     . . .     Faith    .   b - +0 robe
rPois    .         Spirit   .   (helmet restricted)
rElec    .         Reflect  .   (no cloak)
rCorr    .         Harm     .   (gloves unavailable)
MR       .....                  (boots unavailable)
Stlth    ++........             (no amulet)
Regen    0.1/turn               (no ring)
MPRegen  0.1/turn               (no ring)

@: very quick
A: unfitting armour, see invisible, herbivore 3, speed 3, slow metabolism 2
a: Depart the Abyss, Renounce Religion


You were on level 6 of the Dungeon.
You worshipped Lugonu.
Lugonu was aware of your devotion.
You were completely stuffed.

You visited 1 branch of the dungeon, and saw 6 of its levels.
You visited the Abyss 1 time.

You collected 23 gold pieces.

Inventory:

Hand Weapons
 a - a +1 short sword (weapon)
Armour
 b - a +0 robe (worn)
Scrolls
 d - 2 scrolls of recharging {unknown}
 e - a scroll of teleportation {unknown}
 g - a scroll of enchant armour {unknown}
 h - a scroll of fear {unknown}
 i - 2 scrolls of identify {unknown}
Comestibles
 c - a bread ration
 f - 4 fruits


   Skills:
 - Level 2.4 Fighting
 - Level 2.1 Short Blades
 - Level 3.5 Dodging
 + Level 2.1 Stealth
 - Level 1.7 Invocations


You couldn't memorise any spells.
You didn't know any spells.

Dungeon Overview and Level Annotations

Branches:
Dungeon (6/15)
 Temple: D:4-7

Altars:

Shops:
D:5 :


Innate Abilities, Weirdness & Mutations

You are very small and have problems with some larger weapons.
You are too small for most types of armour.
You have supernaturally acute eyesight. (SInv)
You are a herbivore.
You cover ground extremely quickly.
You need consume almost no food.


Message History

The quokka zombie is moderately damaged.
The quokka zombie bites you.
You hit the quokka zombie.
The quokka zombie is heavily damaged.
The quokka zombie bites you.
* * * LOW HITPOINT WARNING * * *
You hit the quokka zombie.
You destroy the quokka zombie!
Lugonu accepts your kill.
Your Stealth skill increases to level 2!
A sky beast comes into view.
A sky beast is nearby!
The helpless sky beast fails to defend itself.
You puncture the sky beast!
The sky beast is moderately wounded.
The sky beast hits you.
* * * LOW HITPOINT WARNING * * *
The sky beast shocks you.
Ouch! That really hurt!
You die...

#.# ######.##
#.......#
##.###.##
#.###.# #.#<#.#
#.#.#.#
.########.#.#.#
......Y@..#.#.#
###########.#.#
#.#.# #.#.#
#.#.# ### #.#.#
#.#######.#.#
#.........#.#
#.#########.#


You could see a sky beast.

Vanquished Creatures
  A bat (D:2)
  A goblin (D:3)
  A jackal (D:2)
  A quokka zombie (D:6)
4 creatures vanquished.

Vanquished Creatures (others)
  A jackal (D:2)
1 creature vanquished.

Grand Total: 5 creatures vanquished

Notes
Turn   | Place    | Note
-------+----------+-------------------------------------------
     0 | Abyss:1  | Charly the Spriggan Abyssal Knight began the quest for the Orb.
     0 | Abyss:1  | Reached XP level 1. HP: 11/11 MP: 3/3
    37 | Abyss:1  | Found a corrupted altar of Lugonu.
    41 | Abyss:1  | Noticed a blink frog
    63 | Abyss:1  | Noticed a flying skull
    71 | D:1      | Escaped the Abyss
   129 | D:2      | Reached skill level 1 in Stealth
   159 | D:3      | Reached * piety under Lugonu
   178 | D:5      | Entered Level 5 of the Dungeon
   180 | D:5      | Noticed an ogre
   205 | D:5      | Found Wouges's Book Shop.
   300 | D:6      | Noticed a sky beast
   303 | D:6      | Slain by a sky beast

Skill      XL: |  1 |
---------------+----+-----
Stealth        | 2 |  2.1
Fighting       | |  2.4
Short Blades   | |  2.1
Dodging        | |  3.5
Invocations    | |  1.7

Action                   || total
-------------------------++-------
Melee: Short sword       ||    22
Invok: Depart the Abyss  ||     1
 Stab: Sleeping          ||     2
  Eat: Bread ration      ||     1
Armor: Robe              ||     5
Dodge: Dodged            ||    22
